 Dungeon Crawl Stone Soup version 0.16-b1 (webtiles) character file.

54 McCoppin the Stinger (level 3, -3/16 HPs)
             Began as a Vine Stalker Venom Mage on Mar 13, 2015.
             Slain by an orc
             ... wielding a +0 flail
              (5 damage)
             ... on level 5 of the Dungeon.
             The game lasted 00:06:07 (609 turns).

McCoppin the Stinger (Vine Stalker Venom Mage)       Turns: 609, Time: 00:06:07

Health: -3/16      AC:  3    Str: 10    XL:     3   Next: 91%
Magic:  0/9        EV: 12    Int: 16    God:
Gold:   61         SH:  0    Dex: 14    Spells: 2 memorised, 4 levels left

rFire  . . .     SeeInvis .     (no weapon)
rCold  . . .     Clarity  .     j - +0 robe {rN+}
rNeg   + . .     SustAb   .     (no shield)
rPois  +         Gourm    .     (no helmet)
rElec  .         Spirit   +     (no cloak)
rCorr  .         Warding  .     i - +0 pair of gloves
rMut   .         Stasis   .     (no boots)
MR     .....                    (no amulet)
Stlth  ++........               (no ring)
                                h - ring of poison resistance (curse)

@: very slightly contaminated, not resistant to hostile enchantments, unstealthy
A: fangs 2, regeneration 1, magic shield, antimagic bite, no device heal 3, rot
immunity
a: no special abilities


You were on level 5 of the Dungeon.
You were not hungry.

You visited 1 branch of the dungeon, and saw 5 of its levels.

You collected 61 gold pieces.

Inventory:

Hand weapons
 d - a +0 spear
Missiles
 f - 26 poisoned needles
Armour
 a - a +0 robe
 i - a +0 pair of gloves (worn)
 j - a +0 robe of positive energy (worn)
Jewellery
 h - a cursed ring of poison resistance (left hand)
Scrolls
 l - 2 scrolls of teleportation {unknown}
 m - 2 scrolls of blinking {unknown}
 o - a scroll of remove curse {unknown}
Potions
 e - a potion of lignification
 n - 2 potions of agility {unknown}
Books
 b - a Young Poisoner's Handbook

   Spells                             Type                      Level
   a - Sting                          Conjuration/Poison           1
   b - Cure Poison                    Poison                       2
   c - Mephitic Cloud                 Conjuration/Poison/Air       3
   d - Olgreb's Toxic Radiance        Poison                       4
   e - Venom Bolt                     Conjuration/Poison           5
Comestibles
 c - a bread ration
 g - 4 chunks of flesh
 k - a slice of pizza


   Skills:
 + Level 0.0 Fighting
 - Level 1.5 Dodging
 - Level 2.4 Stealth
 - Level 3.3 Spellcasting
 - Level 4.7 Poison Magic


You had 4 spell levels left.
You knew the following spells:

 Your Spells              Type           Power        Failure   Level  Hunger
a - Sting                 Conj/Pois      ##..         10%         1    None
b - Mephitic Cloud        Conj/Pois/Air  #.......     34%         3    ###....


Dungeon Overview and Level Annotations

Branches:
Dungeon (5/15)
 Temple: D:4-7

Altars:


Innate Abilities, Weirdness & Mutations

You have extremely sharp teeth.
Your natural rate of healing is unusually fast.
When hurt, damage is shared between your health and your magic reserves.
Your bite disrupts and absorbs the magic of your enemies.
Potions and wands cannot restore your health.
You are immune to rotting.


Message History

Casting: Mephitic Cloud
Confirm with . or Enter, or press ? or * to list all spells.
You don't have enough magic to cast that spell.
The bat hits you but does no damage. The bat completely misses you.
The bat hits you. The hound closely misses you. The bat closely misses you.
The bat closely misses you.
The centaur shoots an arrow of flame.
The arrow of flame barely misses you.
You see here an arrow of flame.
The centaur unwields an uncursed shortbow.
The centaur completely misses you. The hound closely misses you.
The bat barely misses you. The centaur misses you.
The hound completely misses you. The bat hits you. The centaur hits you.
* * * LOW HITPOINT WARNING * * *
The orc misses you. The bat hits you but does no damage. The centaur hits you.
* * * LOW HITPOINT WARNING * * *
The crimson imp barely misses you. The orc barely misses you.
The centaur closely misses you. The orc hits you with a flail!
You die...

####.##..#.......
...........#
.###.§##.#.# ###
##.##.#.# ##.##
#..##...# #...#
##..#...## #..(#
#.#§....#.# #.b.#
#......g#.# #5ch#
#.......#.# #.@o#
#......o(<# #.o.###...
...#..##.(#####.........
.........oc5.....#......
..######.........!......
h #.......###.%...
#.........# .....
##.......## ....
#.#...... #.


You could see a centaur, a hound, a crimson imp, 2 orcs and a bat.

Vanquished Creatures
  Jessica (D:2)
  An adder (D:3)
  A worm (D:3)
  3 orcs (D:3)
  A ball python (D:2)
  A bat (D:1)
  3 goblins
  2 hobgoblins (D:3)
  2 kobolds (D:2)
  2 giant newts (D:2)
  2 rats (D:2)
19 creatures vanquished.

Vanquished Creatures (others)
  A hound (D:5)
  An orc wizard (D:5)
  An adder (D:5)
  A giant cockroach (D:5)
4 creatures vanquished.

Grand Total: 23 creatures vanquished

Notes
Turn   | Place    | Note
--------------------------------------------------------------
     0 | D:1      | McCoppin, the Vine Stalker Venom Mage, began the quest for the Orb.
     0 | D:1      | Reached XP level 1. HP: 9/9 MP: 3/3
   124 | D:2      | Noticed Jessica
   146 | D:2      | Killed Jessica
   146 | D:2      | Reached XP level 2. HP: 5/13 MP: 0/6
   208 | D:2      | Reached XP level 3. HP: 16/16 MP: 7/7
   231 | D:2      | Learned a level 3 spell: Mephitic Cloud
   569 | D:5      | Entered Level 5 of the Dungeon
   591 | D:5      | Noticed a centaur
   609 | D:5      | Slain by an orc

Action                   || total
-------------------------++-------
Melee: Unarmed           ||    73
 Cast: Sting             ||    30
       Mephitic Cloud    ||     2
  Use: Potion            ||     1
 Stab: Sleeping          ||     1
